 Dungeon Crawl Stone Soup version 0.20-a0-420-g83c570d (webtiles) character file.

55 TheGoonsmith the Shield-Bearer (level 4, 0/37 HPs)
             Began as a Formicid Fighter on Dec 31, 2016.
             Killed by divine providence
             ... invoked by an orc priest
              (13 damage)
             ... on level 3 of the Dungeon.
             The game lasted 00:01:55 (1722 turns).

TheGoonsmith the Shield-Bearer (Formicid Fighter)   Turns: 1722, Time: 00:01:55

Health: 0/37       AC:  6    Str: 24 (26) XL:     4   Next: 14%
Magic:  4/4        EV:  8    Int:  6 (8)  God:
Gold:   66         SH: 11    Dex:  9 (10) Spells: 3/3 levels left

rFire  . . .     SeeInvis +     a - +0 war axe
rCold  . . .     Gourm    .     b - +0 scale mail
rNeg   . . .     Faith    .     s - +2 shield
rPois  .         Spirit   .     (helmet unavailable)
rElec  .         Reflect  .     (no cloak)
rCorr  .         Harm     .     (no gloves)
MR     .....                    (no boots)
Stlth  ..........               (no amulet)
                                (no ring)
                                (no ring)

@: mighty, flying
A: permanent stasis, dig shafts and tunnels, four strong arms, antennae 3
a: Dig, Shaft Self


You were on level 3 of the Dungeon.
You were near starving.

You visited 1 branch of the dungeon, and saw 3 of its levels.

You collected 66 gold pieces.

Inventory:

Hand Weapons
 a - a +0 war axe (weapon)
Armour
 b - a +0 scale mail (worn)
 c - a +0 shield
 s - a +2 shield (worn)
Jewellery
 m - a +3 ring of intelligence {unknown}
 u - a cursed ring of teleportation {unknown}
Scrolls
 e - 2 scrolls of enchant armour {unknown}
 g - a scroll of fear {unknown}
 h - 4 scrolls of amnesia {unknown}
 l - a scroll of remove curse {unknown}
 p - 2 scrolls of identify {unknown}
 v - a scroll of magic mapping {unknown}
 x - a scroll of random uselessness {unknown}
Potions
 k - a potion of flight
 q - a potion of lignification {unknown}
 r - a potion of mutation {unknown}
Comestibles
 f - 2 bread rations
 t - 4 fruits
 w - a beef jerky


   Skills:
 + Level 3.8 Fighting
 * Level 3.4 Axes
 - Level 3.2 Armour
 + Level 4.0 Shields


You had 3 spell levels left.
You didn't know any spells.

Dungeon Overview and Level Annotations

Branches:
Dungeon (3/15)

Altars:


Innate Abilities, Weirdness & Mutations

You cannot be hasted, slowed, berserked, paralysed or teleported.
You can dig through walls and to a lower floor.
Your four strong arms can wield two-handed weapons with a shield.
You have a pair of large antennae on your head. (SInv)


Message History

The orc's wounds heal themselves!
The orc hits you but does no damage. The orc hits you with a club.
* * * LOW HITPOINT WARNING * * *
You closely miss the orc. x2; The orc hits you but does no damage.
The orc priest hits you with a dagger.
* * * LOW HITPOINT WARNING * * *
The orc hits you but does no damage.
It was a potion of heal wounds.
You feel much better. You block the orc's attack.
You feel very mighty all of a sudden. You block the orc's attack.
The orc priest invokes the aid of Beogh against you.
Beogh smites you!
You slash the orc!
You kill the orc!
You slash the orc!
You kill the orc!
The orc priest mumbles some strange prayers to Beogh against you.
Beogh smites you!
You die...

#.# #. #.#
#.
#$######.#
.#
#.........
..
#.######.#
#. #.# #.
##)## #
#.####<..#.#
#...@)o....#
######...###
##.## ..#
###


You could see an orc priest.

Vanquished Creatures
  3 adders
  2 worms (D:2)
  3 orcs (D:3)
  A giant cockroach (D:3)
  4 hobgoblins
  A kobold (D:2)
  4 bats
  A rat (D:2)
19 creatures vanquished.

Notes
Turn   | Place    | Note
-------+----------+-------------------------------------------
     0 | D:1      | TheGoonsmith the Formicid Fighter began the quest for the Orb.
     0 | D:1      | Reached XP level 1. HP: 18/18 MP: 1/1
   803 | D:1      | Reached XP level 2. HP: 21/24 MP: 2/2
  1039 | D:2      | Reached XP level 3. HP: 29/29 MP: 3/3
  1535 | D:3      | Reached skill level 4 in Shields
  1535 | D:3      | Reached XP level 4. HP: 15/37 MP: 4/4
  1708 | D:3      | HP: 1/37 [orc/club (6)]
  1722 | D:3      | Killed from afar by an orc priest

Vault maps used:
D:1:      eino_arrival_druids_welcome, serial_bayou_pond_a
D:2:      first_bread
D:3:      lemuel_round_altar, minmay_randomly_rotated_circles

Skill      XL: |  1  2  3 |
---------------+----------+-----
Axes           | 3 |  3.4
Shields        | 4 |  4.0
Fighting       | |  3.8
Armour         | |  3.2

Action                   |  1- 3 |  4- 6 || total
-------------------------+-------+-------++-------
Melee: War axe           |    84 |     9 ||    93
  Use: Potion            |       |     5 ||     5
  Eat: Chunk             |     1 |       ||     1
Armor: Scale mail        |    49 |     3 ||    52
Dodge: Dodged            |    33 |     2 ||    35
Block: Shield            |    59 |     8 ||    67
